[Event "5th Sharjah Masters 2022"]
[Site "Sharjah"]
[Date "2022.05.24"]
[Round "4.31"]
[White "Badelka, Olga"]
[Black "Kuybokarov, Temur"]
[Result "1-0"]
[ECO "D85"]
[WhiteElo "2453"]
[BlackElo "2582"]
[Annotator "TA"]
[PlyCount "102"]
[EventDate "2022.05.21"]
[EventType "swiss"]
[EventCountry "UAE"]
[SourceTitle "playchess.com"]
[Source "ChessBase"]
[SourceQuality "1"]
[TimeControl "5400+30"]

1. d4 Nf6 2. c4 g6 3. Nc3 d5 4. cxd5 Nxd5 5. e4 Nxc3 6. bxc3 Bg7 7. Nf3 c5 8. Bb5+ Nc6 9. O-O O-O 10. Bxc6 $1 {[%emt 0:00:25][%mdl 4] is recently more successful than 10.Be3.} bxc6 11. Qc2 {[%emt 0:00:18] D85: Exchange Grünfeld: Unusual White 7th moves and lines with 7 Nf3.} cxd4 12. cxd4 Bg4 13. Ne5 Qxd4 14. Bb2 Qb6 15. Rab1 Bxe5 16. Bxe5 Qa5 17. Bc3 Qc5 18. Qb2 a5 19. Rfc1 Qd6 20. Be5 Qd7 {[%emt 0:06:00] [#]} 21. h3 $146 ({Predecessor:} 21. Qc3 Rfd8 22. Qxc6 Rac8 23. Qxd7 Rxc1+ 24. Rxc1 Bxd7 25. Bc7 Rc8 26. Bf4 Rxc1+ 27. Bxc1 f6 28. f3 Kf7 29. a4 Bxa4 30. Bd2 Bb5 {½-½ (30) Andreikin,D (2724)-Shankland,S (2708) Belgrade 2022}) 21... Be6 22. Rd1 Qa7 23. h4 a4 24. a3 Bb3 25. Rdc1 c5 26. h5 f6 27. Bc3 e5 $1 28. Qe2 c4 29. Bb4 Rfd8 30. hxg6 hxg6 31. Rc3 Kg7 32. Rbc1 Rd4 33. Rh3 Qb7 ({Of course not} 33... Rh8 34. Rxh8 Kxh8 35. Qg4 $11) (33... Rad8 $15) 34. Re1 ({Much worse is} 34. Qe3 g5 35. f3 Rd3 $17) (34. Qg4 $11 Qxe4 35. Qe6) 34... Qd7 {[%emt 0:01:38] Hoping for ...Rd3.} 35. Qe3 {[%emt 0:05:13] [#]} (35. f4 $11 {keeps the balance.}) 35... g5 $1 $17 (35... Rh8 36. Rxh8 Kxh8 37. Qh6+ Qh7 38. Qf8+ Qg8 39. Qxf6+ Qg7 40. Qe6 $18) 36. Qg3 {[%emt 0:01:03] And now Qh2 would win.} Rd3 37. Re3 Rd1+ 38. Kh2 Rh8 39. Rf3 (39. Rxh8 $142 Kxh8 40. Qh3+ Qxh3+ 41. Kxh3) 39... Rxh3+ 40. gxh3 {[%emt 0:00:12] [#]} Bc2 $1 41. Re3 Kg6 42. Qf3 Rb1 43. h4 (43. Qe2 {was worth a try.} Bd3 44. Qf3) 43... gxh4 $2 (43... g4 $19 44. Qg3 Rb3) 44. Qg2+ $11 {[%emt 0:00:13] The position is equal.} Kh5 45. Qg8 {[%emt 0:00:34] Strongly threatening Qh8+.} Rb3 {[%emt 0:00:46] White must now prevent ...Rxe3.} 46. Bc3 {[%emt 0:02:13] Threatens to win with Qh8+. Dancing on a razor blade.} Bd1 47. Qh8+ Kg5 $1 48. Qg8+ Kh5 49. Qh8+ Kg5 $1 50. Qg8+ Kh5 51. Qh8+ Kg5 $1 {[%emt 0:00:19][%mdl 32768] Weighted Error Value: White=0.12 (very precise) /Black=0.18 (very precise) . Sensor Board Error (Ke4/e5)?} 1-0

[Event "5th Sharjah Masters 2022"]
[Site "Sharjah"]
[Date "2022.05.24"]
[Round "4.32"]
[White "Dimakiling, Oliver"]
[Black "Kadric, Denis"]
[Result "0-1"]
[ECO "B00"]
[WhiteElo "2420"]
[BlackElo "2576"]
[Annotator "TA"]
[PlyCount "78"]
[EventDate "2022.05.21"]
[EventType "swiss"]
[EventCountry "UAE"]
[SourceTitle "playchess.com"]
[Source "ChessBase"]
[SourceQuality "1"]
[TimeControl "5400+30"]

1. e4 d6 2. d4 Nf6 3. Nc3 Nc6 4. Bg5 e6 5. f4 Be7 {[%emt 0:04:29] [#]} 6. e5 $146 {[%emt 0:00:36] B00: Queen's Fianchetto Defence, Nimzowitsch Defence.} ({Predecessor:} 6. Nf3 d5 7. e5 Ne4 8. Bxe7 Qxe7 9. a3 Nxc3 10. bxc3 Bd7 11. Bd3 Na5 12. Qe2 {1-0 (24) Koenig,D-Shahade,M (2280) Parsippany 1998}) 6... Nd5 7. Bxe7 Qxe7 8. Qd2 {[%emt 0:03:27] The position is equal.} dxe5 9. Nxd5 exd5 10. dxe5 f6 11. O-O-O fxe5 12. fxe5 Bf5 (12... Qxe5 $2 13. Re1 Qe7 14. Rxe7+ $18) 13. Bb5 Be4 (13... Qxe5 $2 14. Nf3 Qd6 15. Rhe1+ (15. Qxd5 Qxd5 16. Rxd5 O-O $14) 15... Kf7 16. Ng5+ (16. Qxd5+ Qxd5 17. Rxd5 g6 $18) (16. Qg5 g6 $16) 16... Kg8 17. Qxd5+ Qxd5 18. Rxd5 $18) 14. Nf3 O-O 15. Rhe1 {[%emt 0:03:01] [#]} (15. Ng5 $15) 15... Nb4 $1 $17 ({Much weaker is} 15... Nxe5 $6 16. Qg5 Qxg5+ 17. Nxg5 $11) 16. Ba4 ({Better is} 16. a3 Nxc2 17. Rxe4 dxe4 18. Qd5+ Kh8 19. Qxe4) 16... Nxa2+ ({Don't play} 16... Bxf3 $6 17. gxf3 c6 18. c3 $11) 17. Kb1 {[%emt 0:00:06] Now White is beyond hope.} Nb4 18. Bb3 {[%emt 0:02:05] Hoping for Rxe4.} Kh8 {[%emt 0:01:37] Black is more active.} 19. Ng5 (19. Qg5 $17 Rae8 20. Qh5) 19... Bg6 {[%emt 0:00:04] [#] Strongly threatening ...a5.} 20. Ne6 Qxe6 21. Qxb4 c6 22. Re3 (22. Qd6 $142 Rae8 23. Rf1 Qxd6 24. exd6) 22... Rf7 23. Qd4 (23. Qd6 $142 Qg4 24. Rde1) 23... a5 $19 24. Qb6 (24. Rde1 {was worth a try.}) 24... Qe7 25. Qd4 Raf8 26. g3 Rf2 {[%emt 0:01:29] White must now prevent ...b5.} 27. h4 $2 (27. Qa7) 27... b5 {[%emt 0:01:54] aiming for ...a4.} 28. Rc3 a4 29. Ba2 b4 30. Rxc6 b3 31. Ka1 bxa2 (31... bxc2 $142 32. Re1 Rf1) 32. Rc1 Re2 33. Qxd5 Qxe5 34. Qxe5 Rxe5 35. Kxa2 Rb8 {[%emt 0:01:14] Black is clearly winning.} 36. g4 Bf7+ 37. Ka1 Reb5 38. Rb1 Rb4 39. Rc7 Bg8 {[%emt 0:00:02] Weighted Error Value: White=0.78/Black=0.28 (precise)} 0-1

[Event "5th Sharjah Masters 2022"]
[Site "Sharjah"]
[Date "2022.05.24"]
[Round "4.33"]
[White "Sanal, Vahap"]
[Black "Hesham, Abdelrahman"]
[Result "1-0"]
[ECO "C50"]
[WhiteElo "2575"]
[BlackElo "2412"]
[Annotator "TA"]
[PlyCount "58"]
[EventDate "2022.05.21"]
[EventType "swiss"]
[EventCountry "UAE"]
[SourceTitle "playchess.com"]
[Source "ChessBase"]
[SourceQuality "1"]
[TimeControl "5400+30"]

1. e4 e5 2. Nf3 Nc6 3. Bc4 Bc5 4. d3 Nf6 5. a4 d6 6. a5 {[%emt 0:00:42] C50: Hungarian Defence and Giuoco Pianissimo.} a6 7. O-O Ba7 8. Be3 {[%emt 0:00:34] The position is equal.} O-O 9. Bxa7 Rxa7 10. Re1 {[%emt 0:03:37] [#]} Bg4 $146 ({Predecessor:} 10... Re8 11. c3 Be6 12. Nbd2 Bxc4 13. dxc4 Ne7 14. c5 Ng6 15. Nc4 dxc5 16. Qxd8 Rxd8 17. Nfxe5 Nxe5 18. Nxe5 {1-0 (47) Obregon Rivero,J (2536)-Berdayes Ason,D (2445) Mexico City 2022}) 11. h3 Bh5 12. Nbd2 Nd4 13. c3 (13. g4 $14 Nxf3+ 14. Qxf3) 13... Nxf3+ $11 14. Nxf3 c6 15. Bb3 Nd7 16. d4 Qe7 17. Qd3 Bxf3 18. Qxf3 Raa8 19. Ba2 g6 20. Rad1 Kg7 21. b4 Nf6 22. g3 Rfe8 23. Kg2 d5 {[%emt 0:05:09] [#]} (23... Qc7 $11 {and Black stays safe.}) 24. dxe5 $1 $18 ({Not} 24. exd5 e4 25. Qe2 Nxd5 $15) 24... Nxe4 25. c4 Ng5 {[%emt 0:03:23] [#]} ({Less strong is} 25... Qxe5 26. cxd5 f5 27. dxc6 bxc6 28. Rd7+ (28. Qb3 Red8 $16) 28... Re7 29. Qf4 $16) 26. Qf6+ ({Better is} 26. Qc3 $1 $18) 26... Qxf6 $16 {[%emt 0:01:40] White is better.} 27. exf6+ Kxf6 28. cxd5 {[%emt 0:00:31] Strongly threatening h4.} Rxe1 29. Rxe1 cxd5 {[%emt 0:00:00] Weighted Error Value: White=0.08 (flawless) /Black=0.17 (very precise)} 1-0

[Event "5th Sharjah Masters 2022"]
[Site "Sharjah"]
[Date "2022.05.24"]
[Round "4.34"]
[White "Buksa, Nataliya"]
[Black "Mastrovasilis, Athanasios"]
[Result "1-0"]
[ECO "C67"]
[WhiteElo "2406"]
[BlackElo "2540"]
[Annotator "TA"]
[PlyCount "79"]
[EventDate "2022.05.21"]
[EventType "swiss"]
[EventCountry "UAE"]
[SourceTitle "playchess.com"]
[Source "ChessBase"]
[SourceQuality "1"]
[TimeControl "5400+30"]

1. e4 e5 2. Nf3 Nc6 3. Bb5 Nf6 4. O-O Nxe4 5. Re1 Nd6 6. Nxe5 Be7 7. Bf1 Nxe5 8. Rxe5 O-O 9. d4 Bf6 10. Re1 Nf5 11. c3 d5 {[%emt 0:01:11] C67: Ruy Lopez: Berlin Defence: 4 0-0 Nxe4.} 12. Bf4 c6 13. Bd3 g6 {[%emt 0:01:46] The position is equal.} 14. Nd2 Ng7 15. Qb3 {[%emt 0:16:48] [#]} Ne6 $146 ({Predecessor:} 15... Qb6 16. Nf3 Bf5 17. Bxf5 {½-½ (17) Jovanovic,Z (2541)-Bosiocic,M (2553) Opatija 2015}) 16. Bg3 c5 17. dxc5 Nxc5 18. Qc2 Nxd3 19. Qxd3 Bf5 20. Qf3 d4 21. Ne4 Bxe4 22. Rxe4 dxc3 23. bxc3 Bg7 24. Be5 Qd2 25. Bxg7 Kxg7 26. h4 Rae8 27. Rd4 Qb2 28. Rad1 Re5 29. Rd7 Rf5 30. Qe3 {[%emt 0:00:15] Strongly threatening g4.} ({Much weaker is} 30. Rxb7 Qc2 31. Qg4 Qxf2+ 32. Kh2 Rf4 $17) 30... Qxa2 $2 (30... h5 $11 {and Black is okay.}) 31. Rxb7 $2 (31. Qd4+ $1 $18 Kg8 32. Rd8) 31... a5 32. Qd4+ Kg8 $2 (32... Kh6 $11) 33. g4 $18 Rf3 {[%emt 0:00:34] [#]} 34. Kg2 $1 Qe2 {[%emt 0:00:59][%cal Of3f2] [#] And now ...Rxf2+! would win.} 35. Rd2 $2 (35. Rd7 $1 $18) 35... Qe1 $2 36. Rd7 h5 37. Rd8 hxg4 38. Rxf8+ {[%emt 0:00:05][%mdl 64] Deflection. White mates.} Kxf8 39. Qh8+ Ke7 40. Qd8+ {[%emt 0:00:02] Weighted Error Value: White=0.35/Black=0.85} 1-0

[Event "5th Sharjah Masters 2022"]
[Site "Sharjah"]
[Date "2022.05.24"]
[Round "4.35"]
[White "Suleymanli, Aydin"]
[Black "Zawadzka, Jolanta"]
[Result "1/2-1/2"]
[ECO "D24"]
[WhiteElo "2537"]
[BlackElo "2409"]
[Annotator "TA"]
[PlyCount "57"]
[EventDate "2022.05.21"]
[EventType "swiss"]
[EventCountry "UAE"]
[SourceTitle "playchess.com"]
[Source "ChessBase"]
[SourceQuality "1"]
[TimeControl "5400+30"]

1. d4 d5 2. c4 e6 3. Nf3 Nf6 4. Nc3 dxc4 5. e4 Bb4 6. Bxc4 {[%emt 0:00:25] D24: Queen's Gambit Accepted: 3 Nf3 Nf6 4 Nc3.} Nxe4 7. O-O Nxc3 8. bxc3 {[%emt 0:00:05] The position is equal.} ({But not} 8. Qb3 Nd5 9. Bxd5 Qxd5 $17) 8... Be7 9. Ne5 O-O 10. Re1 Nd7 {[%emt 0:06:56] [#]} 11. Qf3 $146 (11. Qg4 {is more complex.} Nf6 12. Qg3 Nd5 13. Bh6) ({Predecessor:} 11. Qg4 Nf6 12. Qh3 Nd5 13. a3 c5 14. Bd3 f5 15. c4 Nb6 16. dxc5 Nd7 17. Bb2 Nxe5 18. Bxe5 Bxc5 {1-0 (41) Stalmach,R (2308)-Noe,C (2530) Marianske Lazne 2022}) 11... Nxe5 12. dxe5 Qe8 13. Qg3 Kh8 14. Rb1 Bd7 15. Rxb7 Bc6 16. Rb1 ({Of course not} 16. Rxc7 Bd8 17. Rxc6 Qxc6 $15) 16... Rb8 17. Rxb8 Qxb8 18. Bd3 Qb6 19. Qh3 {[%emt 0:03:13][%csl Gd3][%cal Rh3h7] [#]} g6 20. Bh6 Rd8 21. Qg3 Qc5 22. Bf1 Qd5 23. Bg5 Bxg5 24. Qxg5 Rb8 25. Qe7 Kg7 26. h4 (26. Qxc7 $11 Rb7 27. Qd6) 26... Qd8 $15 27. Qc5 Qd2 (27... Rb6 $1 $15) 28. Re2 {[%emt 0:02:00] [#]} (28. Ra1 $11 Rb6 29. a4) 28... Qd5 $1 $17 29. Qxd5 {[%emt 0:06:38] Weighted Error Value: White=0.18 (very precise) /Black=0.07 (flawless)} ({Not} 29. Qe7 $2 Rb1 30. f3 Qd3 $19) 1/2-1/2

[Event "5th Sharjah Masters 2022"]
[Site "Sharjah"]
[Date "2022.05.24"]
[Round "4.36"]
[White "Al Hosani, Omran"]
[Black "Aditya Mittal"]
[Result "0-1"]
[ECO "E11"]
[WhiteElo "2191"]
[BlackElo "2490"]
[Annotator "TA"]
[PlyCount "88"]
[EventDate "2022.05.21"]
[EventType "swiss"]
[EventCountry "UAE"]
[SourceTitle "playchess.com"]
[Source "ChessBase"]
[SourceQuality "1"]
[TimeControl "5400+30"]

1. d4 Nf6 2. c4 e6 3. Nf3 d5 4. g3 Bb4+ 5. Bd2 Be7 6. Bg2 O-O 7. Qc2 Nbd7 $1 {[%emt 0:00:04][%mdl 4] outshines the older 7...c6.} 8. O-O c6 9. Rd1 b6 {[%emt 0:00:43] E11: Bogo-Indian.} 10. Nc3 Ba6 (10... dxc4 {seems wilder.} 11. Ne5 Nxe5 12. dxe5 Nd5) 11. cxd5 cxd5 {[%emt 0:08:34] The position is equal.} 12. Rac1 {[%emt 0:05:00] [#]} b5 $146 ({Predecessor:} 12... Bb7 13. Bf4 Nh5 14. Bd2 Nhf6 15. Bf4 Nh5 {½-½ (17) Moroni,L (2559)-Lenic,L (2662) Batumi 2018}) 13. a3 Rc8 14. Bg5 Ne4 15. Bxe7 Qxe7 16. Qb3 Nxc3 17. Rxc3 Rc4 (17... b4 $11 18. axb4 Bxe2) 18. e3 Rb8 19. Nd2 Rxc3 20. Qxc3 Nb6 (20... b4 $11 21. axb4 Qxb4) 21. Qa5 $16 Qb7 22. Rc1 (22. b3 $16) 22... Nc4 $14 23. Qb4 h5 (23... Nxd2 $14 24. Qxd2 b4) 24. b3 (24. Nf3 $16) 24... Nxd2 25. Qxd2 b4 26. axb4 ({Better is} 26. a4 $14) 26... Qxb4 $11 27. Qxb4 Rxb4 $14 {[%emt 0:00:01][%mdl 4096] Endgame KRB-KRB} 28. Ra1 Bd3 29. Rxa7 Rxb3 30. Ra1 g5 31. h4 g4 32. Re1 Rb2 33. Rc1 Rd2 34. Rc5 (34. Bf1 $11) 34... Rd1+ $15 35. Kh2 Rd2 36. Kg1 Kg7 (36... Bc4 $1 $15) 37. e4 (37. Rc1 $1 $11) 37... dxe4 {[%emt 0:03:46] Black is more active.} (37... Bxe4 $17 {...Rd1+ is the strong threat.} 38. Bxe4 dxe4) 38. Rxh5 (38. d5 $1 $11) 38... f5 $17 39. Rg5+ $2 {[%emt 0:00:02] [#] Now White is beyond hope.} (39. d5 $17) 39... Kh6 $19 40. Rg8 Bc4 41. Rh8+ Kg7 42. Rd8 $2 (42. Ra8) 42... Bd5 43. Rd7+ Kf6 {[%emt 0:01:11] [#] Strongly threatening ...e3.} 44. Ra7 $2 (44. Rd6) 44... e3 {[%emt 0:01:29] Weighted Error Value: White=0.57/Black=0.22 (precise)} 0-1

[Event "5th Sharjah Masters 2022"]
[Site "Sharjah"]
[Date "2022.05.24"]
[Round "4.37"]
[White "Davtyan, Artur"]
[Black "Mammadzada, Gunay"]
[Result "1-0"]
[ECO "D16"]
[WhiteElo "2488"]
[BlackElo "2454"]
[Annotator "TA"]
[PlyCount "83"]
[EventDate "2022.05.21"]
[EventType "swiss"]
[EventCountry "UAE"]
[SourceTitle "playchess.com"]
[Source "ChessBase"]
[SourceQuality "1"]
[TimeControl "5400+30"]

1. d4 d5 2. c4 c6 3. Nf3 Nf6 4. Nc3 dxc4 5. a4 e6 6. e3 c5 7. Bxc4 cxd4 {[%emt 0:00:40] The modern move. D16: Slav Defence: 5 a4: Lines with 5...Bg4 and 5...Na6.} 8. exd4 Be7 9. O-O O-O {[%emt 0:00:31] The position is equal.} 10. Qe2 Nc6 11. Be3 b6 12. Rad1 Nb4 {[%emt 0:01:41] Inhibits d5.} 13. Ne5 Bb7 14. f4 {[%emt 0:00:21] [#]} g6 $146 ({Predecessor:} 14... Ne4 15. f5 exf5 16. Qh5 Nd5 17. Nxe4 g6 18. Qh6 fxe4 19. Nxf7 Qd7 20. Ng5 Bxg5 21. Bxg5 {1-0 (68) Cheparinov,I (2659)-Goryachkina,A (2602) Riga 2021}) 15. f5 exf5 16. Bh6 Nfd5 $1 17. Bxf8 Bxf8 18. Nd3 (18. Bb3 $11) 18... Rc8 (18... Nxc3 $15 19. bxc3 Nd5 20. Bxd5 Qxd5) 19. Nxb4 $11 Nxb4 20. d5 (20. Rfe1 $11) 20... Qh4 $15 21. Bb3 Bc5+ ({Of course not} 21... Bd6 $6 22. g3 Qh3 23. Qf3 $11) 22. Kh1 Bd6 {[%emt 0:00:04][%csl Gd6][%cal Rh4h2] [#]} 23. g3 Bxg3 24. Nb5 {[%emt 0:00:00] Inhibits Bd6.} (24. Qg2 $1 $15 Be5 25. Rxf5 Bxh2 26. Qxh2 Qxh2+ 27. Kxh2 gxf5 28. Rf1) 24... a5 ({Better is} 24... Bb8 $19 {Hoping for ...Na6.} 25. Rd4 {[#]} Qh3 $1 26. Rxb4 a5) 25. Qg2 $1 Bb8 $36 {[%emt 0:01:55][%mdl 2048] Black has good play.} 26. Nd4 $2 (26. Rxf5 $1 $15 Bxh2 27. Qxh2 Qe4+ 28. Kg1 Qxf5 29. Nd6 Qg5+ 30. Qg2 Qxg2+ 31. Kxg2) 26... Kh8 27. Nf3 Qf6 28. Rd4 Re8 29. Qd2 {[%emt 0:00:00] Prevents Re3.} (29. Rdd1 $142) 29... Bd6 $19 30. Re1 Re4 31. Rd1 Bc5 {[%emt 0:05:42] This bishop pair is nice.} 32. Qh6 Be7 (32... Rxd4 $2 {perishes.} 33. Rxd4 Kg8 34. Rd1 $19) (32... Kg8 $142 33. Rxe4 fxe4) 33. Qc1 (33. h4 {was called for.}) 33... Bd6 $2 (33... Na6 $19 {aiming for ...Nc5.} 34. Qd2 Nc5) 34. Qc3 $2 (34. Qd2 $1 $11 {and White stays safe.}) 34... Re2 35. Re1 (35. Rh4 {might work better.} Qxc3 36. bxc3) 35... Rf2 36. Red1 Kg8 (36... Bc5 $142 {White must now prevent ...Rxf3.} 37. R4d2 Qxc3 38. bxc3 Rxf3 39. cxb4 axb4) 37. Kg1 (37. R1d2 $142 Rxd2 38. Rxd2) 37... Re2 {[%emt 0:00:21] Strongly threatening ...Bc5.} 38. Kh1 Bc5 $2 (38... f4 $19 39. R4d2 Qxc3 40. bxc3 Re3) 39. R4d2 $15 Qxc3 40. bxc3 Re3 (40... Rxd2 $15 {stays ahead.} 41. Rxd2 Na6) 41. cxb4 $18 Rxb3 $2 (41... axb4 42. Rd3 Re2) 42. bxc5 {[%emt 0:00:02] Weighted Error Value: White=0.47/Black=0.60} 1-0

[Event "5th Sharjah Masters 2022"]
[Site "Sharjah"]
[Date "2022.05.24"]
[Round "4.38"]
[White "Farahat, Ali"]
[Black "Vogt, Lothar"]
[Result "1/2-1/2"]
[ECO "C00"]
[WhiteElo "2381"]
[BlackElo "2365"]
[Annotator "TA"]
[PlyCount "147"]
[EventDate "2022.05.21"]
[EventType "swiss"]
[EventCountry "UAE"]
[SourceTitle "playchess.com"]
[Source "ChessBase"]
[SourceQuality "1"]
[TimeControl "5400+30"]

1. e4 c5 2. Nf3 e6 3. g3 d6 4. Bg2 Nf6 5. Qe2 Nc6 6. O-O Be7 7. Rd1 {[%emt 0:01:34] C00: French: Unusual White 2nd moves.} O-O 8. b3 {[%emt 0:02:11] [#]} Nd7 $146 ({Predecessor:} 8... Qc7 9. Bb2 b6 10. d4 cxd4 11. Nxd4 Nxd4 12. Rxd4 Bb7 13. c4 Qc6 14. Nc3 Rfd8 {1-0 (29) Kosten,A (2496)-Lozachmeur,Y (2047) Avoine 2008}) 9. Bb2 {[%emt 0:01:09] White has an edge.} Bf6 (9... Rb8 $14) 10. c3 ({Of course not} 10. Nc3 $6 b6 $11) 10... d5 11. d3 (11. d4 $14) 11... b6 (11... d4 $11) 12. a4 Ba6 13. Na3 dxe4 $1 14. Qxe4 Na5 15. Nd2 Bb7 16. Qe2 Bxg2 17. Kxg2 Ne5 (17... Qc7 {with more complications.} 18. Nac4 Nxc4 19. Nxc4 Ne5) 18. Ne4 (18. d4 $11 {remains equal.} Qd5+ 19. Ne4 cxd4 20. cxd4) 18... Nxb3 $17 19. Nxf6+ Qxf6 20. Rab1 (20. c4 $1 $15 Nd4 21. Bxd4 cxd4 22. a5) 20... Rfd8 (20... Nc6 $142 21. Qe4 e5) 21. Nb5 (21. Qe4 $17) 21... Qf5 $19 22. c4 Nxd3 {[%emt 0:00:40] Pair of Knights!} (22... Nc6 $1 $17 23. Bc3 Nba5) 23. Bc3 $1 $15 Na5 24. Bxa5 bxa5 25. Nxa7 Nb4 {[%emt 0:02:30][%cal Bd3b4,Bb4c6,Bc6e5][%mdl 32] Prevents Nc6.} ({Much worse is} 25... Rxa7 $6 26. Rxd3 Rc8 27. Rb5 $11) 26. Nb5 Nc6 27. h3 h5 (27... Nb4 $17) 28. Nd6 $1 $11 Qe5 29. Qxe5 Nxe5 30. Nb7 Rd4 (30... Rxd1 $17 31. Rxd1 Nxc4 32. Nxc5 Rc8) 31. Nxc5 (31. Rxd4 $11 cxd4 32. c5) 31... Rxc4 $17 32. Nd7 Nxd7 33. Rxd7 Rxa4 {[%emt 0:00:39][%mdl 4096] Endgame KRR-KRR} 34. Rbb7 Rf8 35. Ra7 g5 36. Rdc7 Kg7 37. Rc5 Kg6 38. Raxa5 Rxa5 39. Rxa5 {[%emt 0:00:04] KR-KR} f5 (39... Rh8 $17 40. Ra4 h4) 40. Ra6 $11 Kf6 41. Ra7 Rh8 42. Ra4 (42. h4 $1 $11) 42... h4 $17 43. gxh4 Rxh4 44. Ra8 Rd4 45. Ra5 Rd5 46. Ra6 Ke5 47. Rb6 Rd6 48. Rb4 Rd4 49. Rb6 Re4 50. Rb3 Re1 51. Rb5+ Kf4 52. Rb4+ Re4 53. Rb3 Rd4 54. Rf3+ Ke5 55. Rb3 f4 ({Better is} 55... Rd8 $17 56. Kg3 Rd2 57. Rb5+ Rd5) 56. Rb8 (56. Rb5+ $11 Rd5 57. Rb8) 56... Ke4 57. Rg8 $2 (57. Rb2 $17) 57... Rd5 $2 (57... f3+ $1 $19 {is more deadly.} 58. Kg3 Rd1 59. Rxg5 Rg1+ 60. Kh4 Rg2 61. Rg4+ Kd3) 58. Ra8 e5 59. Ra4+ Kf5 {[%emt 0:01:24] aiming for ...e4.} 60. Ra8 e4 61. Rf8+ Ke5 62. Re8+ Kd4 $1 63. Ra8 $2 {[%emt 0:00:33][%mdl 8192] [#]} (63. Kf1 $17 {is more resistant.}) 63... Kd3 $2 (63... Rb5 $1 $19 64. Ra4+ Kd5) 64. Kf1 e3 (64... Kc3 $17 65. Ke2 Kd4) 65. fxe3 $2 (65. Re8 $11) 65... Kxe3 66. Kg2 Rd2+ ({And not} 66... f3+ 67. Kg3 $11) 67. Kg1 f3 68. Ra3+ Kf4 (68... Rd3 $142 69. Ra1 Rd4 70. Kf1 Rd5 71. Kg1 Kf4 72. Kf2 Rd2+ 73. Ke1 Re2+ 74. Kd1 Re5 75. Ra7 f2 76. Rf7+ Kg3 77. Kd2 Re1 78. h4 gxh4 79. Rg7+ Kh2 80. Rf7 f1=Q 81. Rxf1 Rxf1 82. Ke2 Rf4 83. Ke3 Kg3 84. Kd3 h3 85. Ke3 h2 86. Kd3 h1=Q 87. Kc3 Qc1+ 88. Kd3 Qa3+ 89. Ke2 Rf2+ 90. Ke1 Qc1#) 69. Ra4+ $1 $19 {[%emt 0:00:15] [#]} Kg3 $2 (69... Ke5 $1 $19 70. Kf1 Kf5) 70. Rg4+ $1 $11 {[%emt 0:00:08] The position is equal.} Kxh3 71. Rxg5 Rg2+ 72. Kh1 Rg4 (72... Rc2 $5 73. Kg1 Rg2+ 74. Kh1 Rh2+ 75. Kg1 Rg2+ $11) 73. Rf5 Kg3 {[%emt 0:00:13] ( -> ...f2)} 74. Kg1 {[%emt 0:00:15] Against f2+.  Weighted Error Value: White=0.33/Black=0.32} 1/2-1/2

[Event "5th Sharjah Masters 2022"]
[Site "Sharjah"]
[Date "2022.05.24"]
[Round "4.39"]
[White "Saeed, Ishaq"]
[Black "Begmuratov, Khumoyun"]
[Result "0-1"]
[ECO "A49"]
[WhiteElo "2397"]
[BlackElo "2384"]
[Annotator "TA"]
[PlyCount "82"]
[EventDate "2022.05.21"]
[EventType "swiss"]
[EventCountry "UAE"]
[SourceTitle "playchess.com"]
[Source "ChessBase"]
[SourceQuality "1"]
[TimeControl "5400+30"]

1. Nf3 Nf6 2. g3 g6 3. Bg2 Bg7 4. O-O d6 5. d4 O-O 6. a4 a5 7. Nc3 Bf5 {[%emt 0:03:39] A49: 1 d4 Nf6 2 Nf3 g6 3 g3: Anti-King's Indian systems.} 8. Nh4 Bc8 9. e4 {[%emt 0:00:48] [#]} e5 $146 ({Predecessor:} 9... c6 10. f4 e5 11. Nf3 exd4 12. Nxd4 Qb6 13. Kh1 Nxe4 14. Nxe4 Bxd4 15. Nxd6 f5 16. Nxc8 Rxc8 {½-½ (30) Fier,L (1905)-Araujo,A (2233) Curitiba 2018}) 10. dxe5 dxe5 11. Bg5 Qxd1 12. Rfxd1 h6 13. Be3 Na6 14. Bf1 Be6 15. f3 Nb4 16. Rd2 Rfd8 {[%emt 0:00:30] Threatens to win with ...Rxd2.} 17. Rad1 Rxd2 18. Rxd2 Bf8 19. Be2 Ne8 20. Nb5 Na2 21. f4 {[%emt 0:30:24] And now f5 would win.} c6 22. f5 gxf5 23. exf5 Bd5 24. c4 Be4 (24... Bb4 $5 25. Nc3 (25. cxd5 Bxd2 26. Bxd2 cxb5 $17) (25. Rxd5 cxd5 26. cxd5 Rc8 $15) 25... Nxc3 26. bxc3 Bxc3 27. cxd5 (27. Rc2 Bd4 $15) 27... Bxd2 28. Bxd2 cxd5 $11) 25. Nc3 Nxc3 26. bxc3 Nd6 27. g4 (27. Bxh6 $5 Nxf5 28. Nxf5 Bxf5 29. Bxf8 Rxf8 30. h4 $11) 27... b5 28. c5 Nc4 (28... Nb7 $15 29. Nf3 bxa4 30. Nxe5 Nxc5) 29. Bxc4 $11 bxc4 30. f6 Bd5 (30... Rb8 $11) 31. Rb2 $1 $14 Re8 32. Rb7 Kh7 33. Kf2 Re6 $2 ({Better is} 33... Rd8 $14) 34. Rxf7+ $18 Kg8 {[%emt 0:00:03] [#]} 35. Rxf8+ Kxf8 36. Bxh6+ {[%emt 0:00:08][%mdl 4096] Endgame KRB-KBN} Kf7 {[%emt 0:00:22] [#]} 37. g5 (37. Bg7 $1 $18) 37... Be4 $1 $14 (37... Re8 $2 38. Ke3 Rh8 39. Nf5 $16) 38. Ke3 (38. Kg3 $1 $14) 38... Bc2 39. Bg7 {[%emt 0:00:24][%cal Og5g6] aiming for g6+!} Re8 {[%emt 0:00:55] The position is equal.} 40. Nf3 Bd3 (40... Bxa4 $2 41. h4 e4 42. g6+ Kxg6 43. h5+ Kxh5 44. f7 $18) 41. h4 {[%emt 0:00:16] Black must now prevent h5.} Bg6 {[%emt 0:00:14][%mdl 32768] Weighted Error Value: White=0.25 (precise) /Black=0.31. Loss on time!?} 0-1